 Dungeon Crawl Stone Soup version 0.28-a0-258-g8de209e91f (webtiles) character file.

Game seed: 5683733979680639696

98 eljoo the Stinger (level 4, -9/30 HPs)
             Began as a Demonspawn Venom Mage on Aug 26, 2021.
             Mangled by Crazy Yiuf (10 damage)
             ... on level 3 of the Dungeon.
             The game lasted 00:10:47 (2735 turns).

eljoo the Stinger (Demonspawn Venom Mage)           Turns: 2735, Time: 00:10:50

Health: -9/30      AC:  2    Str:  9    XL:     4   Next: 44%
Magic:  1/7        EV: 12    Int: 23    God:
Gold:   103        SH:  0    Dex: 13    Spells: 3/7 levels left

rFire   . . .      SeeInvis .   d - +0 dagger
rCold   . . .      Faith    .   (no shield)
rNeg    . . .      Spirit   .   a - +0 robe
rPois   .          Reflect  .   (helmet restricted)
rElec   .          Harm     .   (no cloak)
rCorr   .          Rampage  .   (no gloves)
Will    .....                   (no boots)
Stlth   ++........              (no amulet)
HPRegen 0.10/turn               i - +6 ring of intelligence
MPRegen 0.10/turn               (no ring)

@: hasted, very quick
A: antennae 1, foul stench 1
a: no special abilities


You were on level 3 of the Dungeon.
You visited 1 branch of the dungeon, and saw 3 of its levels.

You collected 103 gold pieces.

Inventory:

Hand Weapons
 d - a +0 dagger (weapon)
Missiles
 h - 2 throwing nets
Armour
 a - a +0 robe (worn)
Jewellery
 i - a +6 ring of intelligence (left hand)
 j - an amulet of regeneration
Scrolls
 b - 2 scrolls of identify {unknown}
 c - a scroll of fear {unknown}
 g - a scroll of noise {unknown}
 k - a scroll of acquirement {unknown}
 l - a scroll of fog {unknown}
Potions
 e - a potion of curing {unknown}
 f - a potion of might {unknown}


   Skills:
 + Level 2.3 Dodging
 * Level 2.9 Stealth
 + Level 2.4 Spellcasting
 + Level 1.6 Transmutations
 + Level 0.6 Air Magic
 + Level 3.4 Poison Magic


You had 3 spell levels left.
You knew the following spells:

 Your Spells              Type           Power      Damage    Failure   Level
a - Sting                 Tmut/Pois      56%        1d5       4%          1
b - Mephitic Cloud        Conj/Pois/Air  9%         N/A       22%         3

Your spell library contained the following spells:

 Spells                   Type           Power      Damage    Failure   Level
 Poisonous Vapours        Pois/Air       24%        N/A       9%          2
 Olgreb's Toxic Radiance  Pois           18%        N/A       30%         4


Dungeon Overview and Level Annotations

Branches:
Dungeon (3/15)

Altars:

Annotations:
D:3 Crazy Yiuf


Innate Abilities, Weirdness & Mutations

You have a pair of small antennae on your head.
You may rarely emit foul miasma when damaged in melee.


Message History

Casting: Sting (safe; 4% risk of failure)
Confirm with . or Enter, or press ? or * to list all spells.
The spell is quite dangerous to cast (22% risk of failure)!
Continue anyway? [Y]es or [N]o only, please.
The spell is quite dangerous to cast (22% risk of failure)!
Continue anyway?
Aiming: Mephitic Cloud (quite dangerous; 22% risk of failure)
Press: ? - help, Shift-Dir - straight line, p - Crazy Yiuf The ball explodes into a vile cloud!
The stinking cloud engulfs Crazy Yiuf but does no damage.
Crazy Yiuf is moderately wounded.
Crazy Yiuf is engulfed in noxious fumes.
Crazy Yiuf hits you with a +3 quarterstaff of chaos!
* * * LOW HITPOINT WARNING * * *
You feel yourself speed up.
Crazy Yiuf is engulfed in noxious fumes.
Crazy Yiuf appears confused.
Casting: Mephitic Cloud (quite dangerous; 22% risk of failure)
Confirm with . or Enter, or press ? or * to list all spells.
Aiming: Sting (safe; 4% risk of failure)
Press: ? - help, Shift-Dir - straight line, f - Crazy Yiuf
Aim: Crazy Yiuf, wielding a +3 quarterstaff of chaos and wearing a +0 cloak (moderately wounded, confused, 94% to hit)
The sting hits Crazy Yiuf.
Crazy Yiuf is poisoned.
Crazy Yiuf is heavily wounded.
Items here: ( ) [ †.
Casting: Sting (safe; 4% risk of failure)
Confirm with . or Enter, or press ? or * to list all spells.
Aiming: Sting (safe; 4% risk of failure)
Press: ? - help, Shift-Dir - straight line, f/p - Crazy Yiuf
Aim: Crazy Yiuf, wielding a +3 quarterstaff of chaos and wearing a +0 cloak (heavily wounded, confused, poisoned, 94% to hit)
The sting hits Crazy Yiuf but does no damage.
Crazy Yiuf looks even sicker.
Crazy Yiuf is heavily wounded.
Casting: Sting (safe; 4% risk of failure)
Confirm with . or Enter, or press ? or * to list all spells.
Aiming: Sting (safe; 4% risk of failure)
Press: ? - help, Shift-Dir - straight line, f/p - Crazy Yiuf
Aim: Crazy Yiuf, wielding a +3 quarterstaff of chaos and wearing a +0 cloak (heavily wounded, confused, very poisoned, 94% to hit)
The sting misses Crazy Yiuf.
Crazy Yiuf hits you with a +3 quarterstaff of chaos!
You die...

## #.#.###### #.# #.....
#.# ### .>.... ##.#
♣♣##.### ..... #..#
♣♣..#..<### ##.##
♣.........### #..#
......###...## ##.###<#
♣...#######°.####......#
♣♣♣## #.....°..g@..#####
#...#######.##.# ##
#......# ####.#.# ..#.#
.## #


You could see Crazy Yiuf (confused, very poisoned).

Vanquished Creatures
  3 gnolls (D:2)
  3 adders (D:3)
  A dart slug (D:3)
  An orc (D:3)
  2 bats
  5 endoplasms
  4 giant cockroaches
  5 goblins
  4 kobolds
  3 quokkas
  2 ball pythons (D:2)
  A frilled lizard (D:1)
  3 rats
37 creatures vanquished.

Notes
Turn   | Place    | Note
-------+----------+-------------------------------------------
     0 | D:1      | eljoo the Demonspawn Venom Mage began the quest for the
                  | Orb.
     0 | D:1      | Reached XP level 1. HP: 13/13 MP: 3/3
   189 | D:1      | Reached skill level 1 in Transmutations
   452 | D:1      | Gained mutation: You may rarely emit foul miasma when
                  | damaged in melee. [demonic ancestry]
   452 | D:1      | Reached XP level 2. HP: 19/19 MP: 1/5
   902 | D:2      | Gained mutation: You have a pair of small antennae on your
                  | head. [demonic ancestry]
   902 | D:2      | Reached XP level 3. HP: 24/24 MP: 2/6
  1028 | D:2      | Learned a level 3 spell: Mephitic Cloud
  2061 | D:3      | Reached XP level 4. HP: 12/30 MP: 1/7
  2705 | D:3      | Found a runed translucent door.
  2706 | D:3      | Noticed Crazy Yiuf
  2729 | D:3      | HP: 1/30 [Crazy Yiuf (11)]
  2735 | D:3      | Mangled by Crazy Yiuf

Illustrated notes

Levels and vault maps discovered:
D:1:      sevenhm_arrival_forest_fort_small_3, layout_rooms
D:2:      layout_loops_cross
D:3:      layout_rooms, serial_glass, glass_columns_c, glass_columns_b,
          minmay_strange_pillars, item_on_display_a,
          hellmonk_ecumenical_altar_pennies_from_heaven, uniq_ijyb,
          uniq_crazy_yiuf_cottage

Skill      XL: |  1  2 |
---------------+-------+-----
Transmutations | 1 |  1.6
Stealth        | 2 |  2.9
Dodging        | 2 |  2.3
Spellcasting   | |  2.4
Air Magic      | |  0.6
Poison Magic   | |  3.4

Action                   |  1- 3 |  4- 6 || total
-------------------------+-------+-------++-------
Melee: Dagger            |     6 |       ||     6
 Cast: Sting             |    65 |    19 ||    84
       Mephitic Cloud    |       |     1 ||     1
Armor: Robe              |    12 |     1 ||    13
Dodge: Dodged            |    35 |     5 ||    40

Table legend: (Time is in decaauts)
 A = Elapsed time spent in this place.
 B = Non-inter-level travel time spent in this place.
 C = Inter-level travel time spent in this place.
 D = Time resting spent in this place.
 E = Time spent auto-exploring this place.
 F = Levels seen in this place.
 G = Mean time per level.
                   A        B        C        D        E       F      G
               +--------+--------+--------+--------+--------+-----+--------+
         Total |   2733 |   2638 |     95 |   1154 |   1029 |   3 |  911.0 |
       Dungeon |   2733 |   2638 |     95 |   1154 |   1029 |   3 |  911.0 |
               +--------+--------+--------+--------+--------+-----+--------+

Top non-repeatable levels by time:
     D:2: 1073 daAuts
     D:1: 945 daAuts
     D:3: 714 daAuts
